 Dungeon Crawl Stone Soup version 0.31.0-11-ge490571c62 (webtiles) character file.

Game seed: 3012163522800546981

8 qw the Shooter (level 2, 0/16 HPs)
             Began as a Deep Elf Hunter on Feb 3, 2024.
             Slain by a goblin
             ... wielding a +0 dagger
              (3 damage)
             ... on level 1 of the Dungeon.
             The game lasted 00:00:00 (55 turns).

qw the Shooter (Deep Elf Hunter)                      Turns: 55, Time: 00:00:00

Health: 0/16       AC:  3    Str:  8    XL:     2   Next: 0%
Magic:  4/4        EV: 12    Int: 13    God:
Gold:   9          SH:  0    Dex: 18    Spells: 1/1 levels left

rFire   . . .        a - +0 shortbow
rCold   . . .        (shield currently unavailable)
rNeg    . . .        c - +0 leather armour
rPois   .            (no helmet)
rElec   .            (no cloak)
rCorr   .            (no gloves)
SInv    .            (no boots)
Will    .....        (no amulet)
Stlth   ++           (no ring)
HPRegen 0.22/turn    (no ring)
MPRegen 0.09/turn

%: no passive effects
@: no status effects
A: no striking features
a: no special abilities


You were on level 1 of the Dungeon.
You visited 1 branch of the dungeon, and saw 1 of its levels.

You collected 9 gold pieces.


   Skills:
 - Level 1.5 Fighting
 + Level 5.9 Ranged Weapons
 - Level 2.4 Dodging
 - Level 1.2 Stealth


You had one spell level left.
You didn't know any spells.
Your spell library was empty.

Inventory:

Hand Weapons
 a - a +0 shortbow (weapon)
Armour
 c - a +0 leather armour (worn)
 e - a +0 scale mail
Scrolls
 b - a scroll of butterflies
Potions
 d - a potion of brilliance {unknown}

Dungeon Overview and Level Annotations

Branches:
Dungeon (1/15)

Altars:


Message History

The goblin closely misses you. The hobgoblin closely misses you.
You shoot an arrow. The arrow closely misses the hobgoblin.
The goblin misses you. The hobgoblin closely misses you.
You shoot an arrow. The arrow barely misses the hobgoblin.
The goblin closely misses you. The hobgoblin closely misses you.
You shoot an arrow. The arrow barely misses the hobgoblin.
The arrow barely misses the quokka.
The goblin hits you with a +0 dagger. The hobgoblin closely misses you.
The dart slug launches a dart at you. The slug dart hits you.
You shoot an arrow. The arrow hits the hobgoblin.
You kill the hobgoblin!
The goblin misses you. The quokka barely misses you.
The dart slug bites you but does no damage.
You have reached level 2!
You shoot an arrow. The arrow closely misses the quokka.
The goblin barely misses you. The quokka misses you.
You shoot an arrow. The arrow closely misses the quokka.
The goblin hits you with a +0 dagger.
The quokka bites you but does no damage.
The dart slug bites you. The goblin hits you but does no damage.
You shoot an arrow. The arrow hits the quokka.
The quokka is almost dead.
The quokka misses you. The dart slug launches a dart at you.
The slug dart hits you. The goblin hits you with a +0 dagger.
The quokka bites you.
You shoot an arrow. The arrow barely misses the quokka.
The quokka closely misses you. The goblin hits you but does no damage.
The dart slug launches a dart at you. The slug dart misses you.
You shoot an arrow. The arrow closely misses the quokka.
The quokka bites you but does no damage.
The goblin closely misses you. The dart slug launches a dart at you.
The slug dart misses you.
You shoot an arrow. The arrow hits the quokka.
You kill the quokka!
The goblin hits you with a +0 dagger.
You die...

#......# # .....
#......###.# .....
#........#.# ...>..
#####...##...... ......
#.......##..... ......#
#.#####.....# .......
#.###......####.
......w##.#........)....
.....).@.......#.)#.....
......g.#..###.##.......
..........##.#.#.#.#....
......#####.#.#.#.#.....
.....) ####.#.#.#.#....
...... #...#.#.#.#.....
..... #.~~~~~.#....
..... #.#~...~#.....
##.~..<~.##.#.


You could see a dart slug and a goblin.

Vanquished Creatures
  An endoplasm (D:1)
  3 goblins (D:1)
  A hobgoblin (D:1)
  2 quokkas (D:1)
7 creatures vanquished.

Notes
Turn   | Place    | Note
-------+----------+-------------------------------------------
     0 | D:1      | qw the Deep Elf Hunter began the quest for the Orb.
     0 | D:1      | Reached XP level 1. HP: 12/12 MP: 3/3
     0 | D:1      | 0 ||| qw: Version: 0.3-a-158-g18b3111
     0 | D:1      | 0 ||| qw: Game counter: 4111
     0 | D:1      | 0 ||| qw: Melee chars always use a shield: true
     0 | D:1      | 0 ||| qw: God list: Okawaru
     0 | D:1      | 0 ||| qw: Allow faded altars: false
     0 | D:1      | 0 ||| qw: Do Orc after clearing Dungeon:15 true
     0 | D:1      | 0 ||| qw: Do second Lair branch before Depths: true
     0 | D:1      | 0 ||| qw: Lair rune preference: random
     0 | D:1      | 0 ||| qw: Goals: Normal
     0 | D:1      | 0 ||| PLANNING D:1-11
    50 | D:1      | Reached XP level 2. HP: 13/16 MP: 4/4
    52 | D:1      | HP: 2/16 [quokka (4)]
    55 | D:1      | Slain by a goblin

Levels and vault maps discovered:
D:1:      ncdulo_watergridlock, layout_rooms, minmay_misc_feat_five

Action                     || total
---------------------------++-------
   Fire: Shortbow          ||    26
 Armour: Leather armour    ||    14
  Dodge: Dodged            ||    19

Table legend:
 A = Non-vault XP
 B = Vault XP
 C = Vault XP percentage of total XP
 D = Non-vault monster count
 E = Vault monster count
 F = Vault count percentage of total count
                 A         B        C        D         E       F
            +---------+---------+-------+---------+---------+-------
      Total |      14 |       0 |   0.0 |       7 |       0 |   0.0
            +---------+---------+-------+---------+---------+-------
        D:1 |      14 |       0 |   0.0 |       7 |       0 |   0.0
            +---------+---------+-------+---------+---------+-------
